 Dungeon Crawl Stone Soup version 0.28-a0-1339-ga5422284a4 (webtiles) character file.

Game seed: 9766186883957591372

1766 tilp the Basher (level 8, -2/70 HPs)
             Began as a Black Draconian Cinder Acolyte on Dec 28, 2021.
             Was a High Priest of Ignis.
             Slain by Maggie (4 damage)
             ... on level 6 of the Dungeon.
             The game lasted 00:10:54 (7173 turns).

tilp the Basher (Black Draconian Cinder Acolyte)    Turns: 7173, Time: 00:10:56

Health: -2/70      AC: 10    Str: 17    XL:     8   Next: 79%
Magic:  3/9        EV: 11    Int: 17    God:    Ignis [*****.]
Gold:   18         SH:  0    Dex:  6    Spells: 5/9 levels left

rFire   + . .      SeeInvis .   b - +0 whip (venom)
rCold   . . .      Faith    .   (no shield)
rNeg    . . .      Spirit   .   (armour unavailable)
rPois   +          Reflect  .   o - +2 hat of Hadjma {rPois}
rElec   +          Harm     .   (no cloak)
rCorr   .          Rampage  .   g - +1 pair of gloves
Will    +....                   (no boots)
Stlth   +.........              (no amulet)
HPRegen 0.21/turn               s - ring of willpower
MPRegen 0.11/turn               (no ring)

@: mesmerised
A: breathe lightning, AC +6, unfitting armour, electricity resistance,
cold-blooded
a: Breathe Lightning, Renounce Religion, Fiery Armour, Foxfire Swarm, Rising
Flame


You were on level 6 of the Dungeon.
You worshipped Ignis.
Ignis was extremely pleased with you.
You visited 1 branch of the dungeon, and saw 6 of its levels.

You collected 355 gold pieces.
You spent 337 gold pieces at shops.

Inventory:

Hand Weapons
 a - a -1 mace of flaming
 b - a +0 whip of venom (weapon)
 j - a +0 dire flail
 p - a +0 flail
Missiles
 d - 5 poisoned darts (quivered)
 l - 5 boomerangs
 t - a throwing net
Armour
 g - a +1 pair of gloves (worn)
 o - the +2 hat of Hadjma (worn) {rPois}
   (You bought it in a shop on level 1 of the Dungeon)

   rPois:     It protects you from poison.
 q - a +0 buckler of positive energy
Jewellery
 s - a ring of willpower (left hand)
Wands
 k - a wand of flame (1)
 n - a wand of polymorph (16)
Scrolls
 c - 2 scrolls of immolation
 i - 3 scrolls of identify
 m - 2 scrolls of teleportation
Potions
 e - a potion of haste
 f - 2 potions of lignification
 h - a potion of flight
 r - 2 potions of curing


   Skills:
 - Level 6.0 Fighting
 + Level 9.3 Maces & Flails
 - Level 2.0 Dodging
 - Level 2.0 Stealth
 + Level 1.2 Shields
 - Level 1.0 Spellcasting
 - Level 3.0 Fire Magic
 - Level 4.0 Evocations


You had 5 spell levels left.
You knew the following spells:

 Your Spells              Type           Power      Damage    Failure   Level
a - Scorch                Fire           22%        2d6       10%         2
b - Blink                 Tloc           0%         N/A       32%         2

Your spell library contained the following spells:

 Spells                   Type           Power      Damage    Failure   Level
 Beastly Appendage        Tmut           0%         N/A       22%         1
 Wereblood                Tmut           0%         N/A       32%         2
 Dazzling Flash           Conj/Hex       0%         N/A       54%         3
 Lesser Beckoning         Tloc           0%         N/A       54%         3
 Spider Form              Tmut/Pois      0%         N/A       54%         3
 Agony                    Necr           0%         N/A       99%         5
 Manifold Assault         Tloc           0%         N/A       99%         5
 Silence                  Hex/Air        0%         N/A       99%         5


Dungeon Overview and Level Annotations

Branches:
Dungeon (6/15)
 Temple: D:4-7

Altars:
Elyvilon
Ru
Sif Muna
Wu Jian

Shops:
D:1 [

Annotations:
D:6 Eustachio, Maggie


Innate Abilities, Weirdness & Mutations

You can breathe wild blasts of lightning.
Your glossy black scales are hard. (AC +6)
You cannot fit into any form of body armour.
You are resistant to electric shocks. (rElec)
You are cold-blooded and may be slowed by cold attacks.


Message History

Maggie is lightly wounded.
You hit Maggie.
Maggie looks as sick as possible!
Maggie is moderately wounded.
Maggie hits you with a +1 vorpal scimitar.
* * * LOW HITPOINT WARNING * * *
x2 You feel better.
Maggie casts a spell.
Maggie draws you further into her thrall.
You barely miss Maggie.
Maggie is moderately wounded.
Maggie mumbles some strange words.
Maggie draws you further into her thrall.
You hit Maggie.
Maggie is heavily wounded.
You hit Maggie.
Maggie is heavily wounded.
Maggie misses you.
You hit Maggie. You tail-slap Maggie.
Maggie is severely wounded.
Maggie hits you with a +1 vorpal scimitar.
You hit Maggie.
Maggie looks as sick as possible!
Maggie is severely wounded.
You hit Maggie.
Maggie looks as sick as possible!
Maggie is almost dead.
Maggie points at you and mumbles some strange words.
The bolt of fire hits you. You resist.
* * * LOW HITPOINT WARNING * * *
You barely miss Maggie.
Maggie is almost dead.
Maggie hits you with a +1 vorpal scimitar!
* * * LOW HITPOINT WARNING * * *
x2 You barely miss Maggie.
Maggie is almost dead.
Okay, then.
You barely miss Maggie.
Maggie is almost dead.
Maggie says, "If you die in the Dungeon, but nobody's around to see it, does it really matter?"
Maggie hits you with a +1 vorpal scimitar!
* * * LOW HITPOINT WARNING * * *
You die...

... #..)##
#........ ..#
#..#[.##
#....SS.. .#
#.###.(## #
...
#...##.##...
...#
##'##........
#...#
##...##.##>...
###.
##8)..8### . #
#.@.....#
#.@.8.>.#
#.......#
##8.<.8##
##...## #####


You could see Maggie (mesmerising, extremely poisoned).

Vanquished Creatures
  Grinder (D:3)
  A water moccasin (D:5)
  An ice beast (D:6)
  An orc warrior (D:6)
  A sky beast (D:6)
  A necrophage (D:6)
  4 ogres
  A scorpion (D:5)
  A water moccasin skeleton (D:5)
  A bullfrog zombie (D:5)
  2 centaur zombies
  A gnoll shaman (D:6)
  2 orc priests
  5 hounds
  An iguana (D:4)
  A scorpion zombie (D:5)
  An orc wizard (D:3)
  A howler monkey skeleton (D:5)
  8 gnolls
  7 adders
  An adder skeleton (D:4)
  A dart slug (D:4)
  14 orcs
  5 endoplasms
  2 giant cockroaches (D:3)
  6 goblins
  4 hobgoblins
  13 jackals
  4 kobolds
  A quokka (D:2)
  13 ball pythons
  11 bats
  2 frilled lizards
  3 rats
122 creatures vanquished.

Vanquished Creatures (others)
  2 plants (D:4)
2 creatures vanquished.

Grand Total: 124 creatures vanquished

Notes
Turn   | Place    | Note
-------+----------+-------------------------------------------
     0 | D:1      | tilp the Draconian Cinder Acolyte began the quest for the
                  | Orb.
     0 | D:1      | Reached XP level 1. HP: 19/19 MP: 2/2
   389 | D:1      | Found Joderhep's Armour Emporium.
   474 | D:1      | Reached XP level 2. HP: 24/26 MP: 3/3
   477 | D:1      | Learned a level 2 spell: Scorch
   586 | D:1      | Reached skill level 4 in Maces & Flails
   989 | D:1      | Found a faded altar of an unknown god.
  1245 | D:2      | Reached XP level 3. HP: 31/31 MP: 0/4
  2120 | D:2      | Reached XP level 4. HP: 38/38 MP: 2/5
  2175 | D:2      | Reached skill level 5 in Maces & Flails
  3009 | D:3      | Noticed Grinder
  3014 | D:3      | Paralysed by Grinder for 5 turns
  3021 | D:3      | Paralysed by Grinder for 2 turns
  3031 | D:3      | Killed Grinder
  3032 | D:3      | Reached skill level 6 in Maces & Flails
  3032 | D:3      | Reached skill level 1 in Dodging
  3032 | D:3      | Reached skill level 1 in Stealth
  3032 | D:3      | Reached XP level 5. HP: 28/46 MP: 1/6
  3032 | D:3      | Reached XP level 6. HP: 32/52 MP: 1/7
  4180 | D:4      | Reached skill level 7 in Maces & Flails
  4180 | D:4      | Your scales start taking on a glossy black colour.
  4180 | D:4      | Reached XP level 7. HP: 49/59 MP: 1/8
  4180 | D:4      | Gained mutation: You are resistant to electric shocks.
                  | (rElec) [Black Draconian growth]
  4248 | D:4      | Found a shimmering blue altar of Sif Muna.
  4257 | D:4      | You fall into a shaft and drop 2 floors!
  4486 | D:6      | Reached skill level 8 in Maces & Flails
  4486 | D:6      | Reached skill level 1 in Evocations
  4939 | D:6      | Noticed Eustachio
  4976 | D:5      | Entered Level 5 of the Dungeon
  5009 | D:4      | Found an ornate altar of the Wu Jian Council.
  5104 | D:3      | Learned a level 2 spell: Blink
  5219 | D:4      | Reached XP level 8. HP: 54/66 MP: 2/9
  5598 | D:5      | Reached skill level 5 in Fighting
  5902 | D:5      | Found a sacrificial altar of Ru.
  6067 | D:1      | Bought the +2 hat of Hadjma {rPois} for 252 gold pieces
  6491 | D:5      | Found a white marble altar of Elyvilon.
  6551 | D:6      | Reached skill level 9 in Maces & Flails
  6665 | D:1      | Bought a +0 buckler of positive energy for 85 gold pieces
  6759 | D:6      | Noticed Maggie
  7015 | D:6      | Reached skill level 1 in Shields
  7173 | D:6      | HP: 2/70 [Maggie (12)]
  7173 | D:6      | Slain by Maggie

Illustrated notes

Levels and vault maps discovered:
D:1:      evilmike_arrival_crescent, layout_basic, serial_shops,
          nicolae_shop_hallway_plus, hellmonk_ecumenical_altar_blasted
D:2:      layout_basic
D:3:      layout_rooms, chequers_mini_garden, st_stairs_14, minmay_cupped,
          uniq_grinder
D:4:      layout_basic, mainiacjoe_overflow_boulevard,
          mainiacjoe_overflow_catwalk
D:5:      layout_rooms, general_overflow_altar, amcnicky_altar_gilded
D:6:      layout_rooms, mainiacjoe_overflow_concentric_impassable,
          minmay_temple_entry_statues, grunt_ministairs_7, uniq_eustachio,
          uniq_maggie

Skill      XL: |  1  2  3  4  5  6  7  8 |
---------------+-------------------------+-----
Maces & Flails | 4 6 7 8 9 |  9.3
Dodging        | 1 2 |  2.0
Stealth        | 1 2 |  2.0
Fighting       | 4 6 |  6.0
Evocations     | 4 |  4.0
Shields        | 1 |  1.2
Spellcasting   | |  1.0
Fire Magic     | |  3.0

Action                   |  1- 3 |  4- 6 |  7- 9 || total
-------------------------+-------+-------+-------++-------
Melee: Mace              |    90 |     2 |    41 ||   133
       Tailslap          |     3 |     6 |    19 ||    28
       Whip              |       |    94 |   125 ||   219
Throw: Dart              |     1 |    23 |    19 ||    43
 Cast: Scorch            |    19 |    19 |    39 ||    77
Evoke: Wand              |       |     2 |     2 ||     4
  Use: Scroll            |     1 |     5 |     8 ||    14
       Potion            |       |       |     2 ||     2
 Stab: Sleeping          |       |       |     1 ||     1
Armor: Skin              |    33 |    29 |    57 ||   119
Dodge: Dodged            |    76 |    52 |    93 ||   221

Table legend: (Time is in decaauts)
 A = Elapsed time spent in this place.
 B = Non-inter-level travel time spent in this place.
 C = Inter-level travel time spent in this place.
 D = Time resting spent in this place.
 E = Time spent auto-exploring this place.
 F = Levels seen in this place.
 G = Mean time per level.
                   A        B        C        D        E       F      G
               +--------+--------+--------+--------+--------+-----+--------+
         Total |   7144 |   6472 |    672 |   1834 |   3521 |   6 | 1190.7 |
       Dungeon |   7144 |   6472 |    672 |   1834 |   3521 |   6 | 1190.7 |
               +--------+--------+--------+--------+--------+-----+--------+

Top non-repeatable levels by time:
     D:2: 1508 daAuts
     D:3: 1472 daAuts
     D:1: 1294 daAuts
     D:5: 1076 daAuts
     D:4: 899 daAuts
     D:6: 893 daAuts
